 Dungeon Sprint DCSS version 0.21-a0-272-g984ae92 (webtiles) character file.

31 Kidiri the Magician (level 3, 0/19 HPs)
             Began as a Deep Elf Fire Elementalist on Sept 15, 2017.
             Slain by a water elemental (2 damage)
             ... in the Dungeon (Sprint III: "The Ten Rune Challenge").
             The game lasted 00:00:35 (126 turns).

Kidiri the Magician (Deep Elf Fire Elementalist)     Turns: 126, Time: 00:00:36

Health: 0/19       AC:  2    Str:  5    XL:     3   Next: 7%
Magic:  10/13      EV: 13    Int: 19    God:
Gold:   17         SH:  0    Dex: 16    Spells: 14/15 levels left

rFire    . . .     SeeInvis .   (no weapon)
rCold    . . .     Gourm    .   (no shield)
rNeg     . . .     Faith    .   a - +0 robe
rPois    .         Spirit   .   (no helmet)
rElec    .         Reflect  .   (no cloak)
rCorr    .         Harm     .   (no gloves)
MR       .....     NoTele   +   (no boots)
Stlth    ++........             (no amulet)
HPRegen  0.06/turn              (no ring)
MPRegen  0.13/turn              (no ring)

@: no status effects
A: no striking features
a: no special abilities


You were in the Dungeon.
You were not hungry.

You visited 1 branch You collected 17 gold pieces.

Inventory:

Armour
 a - a +0 robe (worn)
Scrolls
 i - a scroll of blinking
Potions
 d - a potion of curing
 e - a potion of heal wounds
 f - a potion of haste
 g - 2 potions of magic
 h - a potion of berserk rage
Books
 b - a book of Flames

   Spells                             Type                      Level
   a - Flame Tongue                   Conjuration/Fire             1
   b - Throw Flame                    Conjuration/Fire             2
   c - Conjure Flame                  Conjuration/Fire             3
   d - Inner Flame                    Hexes/Fire                   3
   e - Sticky Flame                   Conjuration/Fire             4
   f - Fireball                       Conjuration/Fire             5
Comestibles
 c - a bread ration


   Skills:
 - Level 2.4 Dodging
 - Level 2.4 Stealth
 * Level 6.5 Spellcasting
 + Level 3.4 Conjurations
 + Level 4.5 Fire Magic


You had 14 spell levels left.
You knew the following spells:

 Your Spells              Type           Power        Failure   Level  Hunger
a - Flame Tongue          Conj/Fire      ###..        1%          1    None


Dungeon Overview and Level Annotations

Branches:
Dungeon (1/1)

Altars:


Message History

The rat barely misses you. The rat barely misses you.
What are your orders? t - Shout!
Orders for allies: a - Attack new target. r - Retreat! s - Stop attacking. g - Guard the area. f - Follow me.
Anything else - Cancel.
Okay, then.
The human barely misses you. The rat barely misses you. The human misses you.
The human splashes around in the water. x2; The rat closely misses you.
You open the door.
A water elemental comes into view.
The human hits you!
* * * LOW HITPOINT WARNING * * *
The water elemental barely misses you. The human barely misses you.
There is an open door to the Ecumenical Temple here.
Unknown command.
The water elemental hits you.
You die...

▓ ▓▓▓ # +.....♣ ♣.# #
#...... ♣.# ####......
♣♣.#
...#....≈♣♣♣♣..###+#+###
...#...≈≈....♣.#........
...#..≈≈≈≈♣..♣.'@⌠......
##'#..≈≈≈≈≈s♣♣p#E..#####
..[#.≈≈≈≈≈≈..sr#.⌠.#
...#.≈≈≈≈≈.....#...#
...#.≈≈≈.......#+###
####...........#
...............#
▓▓▓▓▓▓▓▓▓▓▓▓▓▓▓▓


You could see a water elemental, a human and a scorpion.

Vanquished Creatures
  Jessica (D)
  An ooze (D)
  A rat (D)
3 creatures vanquished.

Vanquished Creatures (others)
  2 hellions (D)
  A plant (D)
3 creatures vanquished.

Grand Total: 6 creatures vanquished

Notes
Turn   | Place    | Note
-------+----------+-------------------------------------------
     0 | D        | Kidiri the Deep Elf Fire Elementalist began the quest for the Orb.
     0 | D        | Reached XP level 1. HP: 10/10 MP: 6/6
     4 | D        | Reached skill level 4 in Spellcasting
    79 | D        | Killed a hellion
    87 | D        | Noticed Jessica
    89 | D        | Killed Jessica
    89 | D        | Reached skill level 6 in Spellcasting
    89 | D        | Reached XP level 2. HP: 15/15 MP: 5/11
    89 | D        | Reached XP level 3. HP: 19/19 MP: 5/13
   114 | D        | Noticed a scorpion
   124 | D        | Noticed a water elemental
   125 | D        | Killed a hellion
   126 | D        | Slain by a water elemental

Vault maps used:
D:        dungeon_sprint_mu

Skill      XL: |  1 |
---------------+----+-----
Spellcasting   | 6 |  6.5
Conjurations   | 3 |  3.4
Fire Magic     | 4 |  4.5
Dodging        | |  2.4
Stealth        | |  2.4

Action                   || total
-------------------------++-------
 Cast: Flame Tongue      ||     6
Armor: Robe              ||     1
Dodge: Dodged            ||    14

Table legend:
 A = Spawn XP
 B = Non-spawn XP
 C = Spawn XP percentage of total XP
 D = Spawn monster count
 E = Non-spawn monster count
 F = Spawn count percentage of total count
 G = Total turns spent on level
                    A         B        C        D         E        F      G
               +---------+---------+-------+---------+---------+-------+---------
         Total |       0 |      45 |   0.0 |       0 |       3 |   0.0 |   126
               +---------+---------+-------+---------+---------+-------+---------
             D |       0 |      45 |   0.0 |       0 |       3 |   0.0 |   126
               +---------+---------+-------+---------+---------+-------+---------
